 Dungeon Crawl Stone Soup version 0.18-a0-1782-gb76a692 (webtiles) character file.

58 Lovchig the Shield-Bearer (level 4, 0/31 HPs)
             Began as a Halfling Fighter on Apr 17, 2016.
             Slain by a gnoll
             ... wielding a +0 spear
              (2 damage)
             ... on level 2 of the Dungeon.
             The game lasted 00:09:02 (1673 turns).

Lovchig the Shield-Bearer (Halfling Fighter)        Turns: 1673, Time: 00:09:03

Health: 0/31       AC:  9    Str: 16    XL:     4   Next: 20%
Magic:  4/4        EV:  6    Int:  7    God:
Gold:   40         SH:  9    Dex: 14    Spells: 0 memorised, 3 levels left

rFire  . . .     SeeInvis .     a - +0 rapier
rCold  . . .     Gourm    .     l - +0 chain mail (curse)
rNeg   . . .     Faith    .     c - +0 shield
rPois  .         Spirit   .     (no helmet)
rElec  .         Dismiss  .     (no cloak)
rCorr  .         Reflect  .     (no gloves)
SustAt .         Harm     .     (no boots)
MR     +....                    (no amulet)
Stlth  ..........               f - ring of protection from magic (curse)
                                k - ring of flight

@: somewhat resistant to hostile enchantments, extremely unstealthy
A: mutation resistance 1
a: Evoke Flight


You were on level 2 of the Dungeon.
You were not hungry.

You visited 1 branch of the dungeon, and saw 2 of its levels.

You collected 40 gold pieces.

Inventory:

Hand Weapons
 a - a +0 rapier (weapon)
Armour
 b - a +0 scale mail
 c - a +0 shield (worn)
 j - a +0 ring mail
 l - a cursed +0 chain mail (worn)
 r - a +0 plate armour
Jewellery
 f - a cursed ring of protection from magic (right hand)
 k - a ring of flight (left hand)
Scrolls
 e - 2 scrolls of recharging {unknown}
 h - a scroll of noise {unknown}
 i - a scroll of remove curse {unknown}
 o - a scroll of identify {unknown}
 p - a scroll of enchant armour {unknown}
 q - a scroll of amnesia {unknown}
Potions
 d - 2 potions of might
 g - 3 potions of flight {unknown}
 m - a potion of brilliance {unknown}
 n - a potion of agility {unknown}


   Skills:
 + Level 3.1 Fighting
 + Level 3.2 Short Blades
 + Level 3.9 Armour
 + Level 0.2 Dodging
 + Level 4.0 Shields


You had 3 spell levels left.
You didn't know any spells.

Dungeon Overview and Level Annotations

Branches:
Dungeon (2/15)

Altars:
Elyvilon


Innate Abilities, Weirdness & Mutations

You are small and have problems with some larger weapons.
You are somewhat resistant to further mutation.


Message History

The gnoll hits you from afar with a spear.
You hit the gnoll.
The gnoll is severely wounded.
You block the gnoll's attack. The gnoll hits you. You block the gnoll's attack.
You hit the gnoll.
The gnoll is almost dead.
You block the gnoll's attack. x2; The gnoll hits you but does no damage.
You hit the gnoll.
You kill the gnoll!
Your Shields skill increases to level 4!
The gnoll hits you from afar with a spear.
* * * LOW HITPOINT WARNING * * *
You block the gnoll's attack. The gnoll hits you but does no damage.
The gnoll hits you from afar with a spear.
* * * LOW HITPOINT WARNING * * *
You hit the gnoll.
The gnoll is heavily wounded.
The gnoll hits you with a spear.
You die...

# ###.# ##...#
###########.###.#
#......)....# ..#
####.#########.###.##
....... #....##
.......#### #.#.##
.........>####.#.#
.......##.gg@....#
<...... ######...#
....... ........
....... ##........
....... ..#######
....... ### #######


You could see 2 gnolls.

Vanquished Creatures
  A gnoll (D:2)
  3 dart slugs
  2 giant geckos (D:1)
  A giant cockroach (D:2)
  2 hobgoblins
  4 jackals (D:2)
  8 kobolds
  A quokka (D:2)
  2 ball pythons
  8 bats
  A giant newt (D:2)
  4 goblins
  5 rats
42 creatures vanquished.

Notes
Turn   | Place    | Note
--------------------------------------------------------------
     0 | D:1      | Lovchig the Halfling Fighter began the quest for the Orb.
     0 | D:1      | Reached XP level 1. HP: 15/15 MP: 1/1
   178 | D:1      | Reached XP level 2. HP: 20/20 MP: 2/2
   630 | D:1      | Reached XP level 3. HP: 26/26 MP: 3/3
  1581 | D:2      | Found a white marble altar of Elyvilon.
  1642 | D:2      | Reached XP level 4. HP: 22/31 MP: 4/4
  1669 | D:2      | Reached skill level 4 in Shields
  1673 | D:2      | Slain by a gnoll

Vault maps used:
D:1:      roderic_octagonal_star, serial_curves, eino_curves_04, eino_curves_03,
          eino_curves_04, eino_curves_04, dk_noncrumbling_3,
          minmay_misc_feat_tiny
D:2:      lemuel_crystal_altar, elyvilon_altar_1

Skill      XL: |  1  2  3  4 |
---------------+-------------+-----
Fighting       | 3 |  3.1
Short Blades   | 3 |  3.2
Shields        | 4 |  4.0
Armour         | |  3.9
Dodging        | |  0.2

Action                   |  1- 3 |  4- 6 || total
-------------------------+-------+-------++-------
Melee: Rapier            |   131 |     7 ||   138
  Eat: Bread ration      |     1 |       ||     1
Armor: Scale mail        |    32 |       ||    32
       Chain mail        |    51 |     6 ||    57
Dodge: Dodged            |    34 |     1 ||    35
Block: Shield            |    86 |     9 ||    95
